 Dungeon Crawl Stone Soup version 0.27-a0-760-gc38aae387d (webtiles) character file.

Game seed: 13118416242707071388

89 Lanoc the Charlatan (level 4, 0/26 HPs)
             Began as a Deep Elf Artificer on Mar 25, 2021.
             Slain by an orc wizard
             ... wielding a +0 dagger
              (1 damage)
             ... on level 3 of the Dungeon.
             The game lasted 00:04:04 (3971 turns).

Lanoc the Charlatan (Deep Elf Artificer)            Turns: 3971, Time: 00:04:04

Health: 0/26       AC:  3    Str: 10    XL:     4   Next: 31%
Magic:  6/6        EV: 12    Int: 16    God:
Gold:   73         SH:  0    Dex: 15    Spells: 3/3 levels left

rFire    . . .     SeeInvis .   f - +0 short sword
rCold    . . .     Faith    .   (no shield)
rNeg     . . .     Spirit   .   b - +0 leather armour
rPois    .         Reflect  .   (no helmet)
rElec    .         Harm     .   (no cloak)
rCorr    .         Rampage  .   (no gloves)
Will     .....                  (no boots)
Stlth    ++........             (no amulet)
HPRegen  0.08/turn              (no ring)
MPRegen  0.10/turn              (no ring)

@: no status effects
A: no striking features
a: no special abilities


You were on level 3 of the Dungeon.
You visited 1 branch of the dungeon, and saw 3 of its levels.

You collected 73 gold pieces.

Inventory:

Hand Weapons
 f - a +0 short sword (weapon)
Armour
 b - a +0 leather armour (worn)
Magical Staves
 g - a staff of fire
Wands
 c - a wand of flame (2) (quivered)
 d - a wand of charming (13)
 e - a wand of random effects (8)
Scrolls
 a - a scroll of enchant armour {unknown}
 h - a scroll of identify {unknown}
 i - a scroll of immolation {unknown}
 j - a scroll of vulnerability {unknown}


   Skills:
 + Level 1.7 Fighting
 - Level 0.7 Armour
 + Level 3.4 Dodging
 - Level 1.2 Stealth
 * Level 4.6 Evocations


You had 3 spell levels left.
You didn't know any spells.
Your spell library was empty.

Dungeon Overview and Level Annotations

Branches:
Dungeon (3/15)

Altars:

Shops:
D:3 ([?

Annotations:
D:3 Sigmund


Message History

Found Eskor's Antique Armour Emporium.
The orc wizard points at you and mumbles some strange words.
You resist with some effort.
Aiming: Random Effects
Press: ? - help, Shift-Dir - straight line, f/p - orc wizard
Aim: an orc wizard, wielding a +0 dagger and wearing a +0 robe (lightly wounded)
The orc wizard seems to grow stronger.
The orc wizard gestures at itself while chanting.
The orc wizard flickers and vanishes!
Deactivating autopickup; reactivate with Ctrl-A.
A puff of flame appears from out of thin air!
The puff of flame hits you.
An adder comes into view.
The adder bites you.
You are poisoned.
The adder poisons you!
* * * LOW HITPOINT WARNING * * *
You feel very sick. The adder barely misses you.
You aren't carrying any potions.
You feel sick.
Aiming: Throw Flame
Press: ? - help, Shift-Dir - straight line, f - adder
Aim: an adder (43% to evade)
The puff of flame hits the adder.
The adder is heavily wounded.
You feel sick. The adder bites you.
* * * LOW HITPOINT WARNING * * *
Aiming: Throw Flame
Press: ? - help, Shift-Dir - straight line, f/p - adder
Aim: an adder (heavily wounded, 43% to evade)
The puff of flame hits the adder!
You kill the adder!
* * * LOW HITPOINT WARNING * * *
You feel sick.
* * * LOW HITPOINT WARNING * * *
You feel sick.
You are no longer poisoned.
Something hits you.
You die...

##### ######### ##...##
#.......# ##.....## #.♣.>)..#
#.......##### ♣.∩.♣.).#
#.......##..
##♣.....####..........#####.
#....)..........#.##.......
#....<.####......∩...#
#......####†@...#.##.#####...
#......#.<)†..............#
#......#.###......##..#...#
#........####.......<...##...
###..######......##...#### .
#.............###.#......
...#####.#.....#..........
..#.. ................###.
...... .........(.......#


There were no monsters in sight!

Vanquished Creatures
  A hound zombie (D:2)
  3 adders
  2 worms (D:2)
  An orc (D:3)
  2 bats
  3 endoplasms (D:1)
  A goblin (D:2)
  4 hobgoblins
  2 kobolds (D:1)
  4 quokkas
  6 ball pythons
  2 frilled lizards
  6 rats
37 creatures vanquished.

Vanquished Creatures (collateral kills)
  2 orcs (D:3)
  2 hobgoblins (D:3)
4 creatures vanquished.

Vanquished Creatures (others)
  An orc (D:3)
1 creature vanquished.

Grand Total: 42 creatures vanquished

Notes
Turn   | Place    | Note
-------+----------+-------------------------------------------
     0 | D:1      | Lanoc the Deep Elf Artificer began the quest for the Orb.
     0 | D:1      | Reached XP level 1. HP: 11/11 MP: 3/3
   546 | D:1      | Reached skill level 1 in Fighting
   817 | D:1      | Reached XP level 2. HP: 9/16 MP: 4/4
  1974 | D:2      | Reached skill level 4 in Evocations
  1974 | D:2      | Reached XP level 3. HP: 7/20 MP: 5/5
  3396 | D:2      | Reached XP level 4. HP: 4/25 MP: 6/6
  3891 | D:3      | Found Xuomug's Magic Scroll Boutique.
  3894 | D:3      | Noticed Sigmund
  3910 | D:3      | Found Lym Dauc's Weapon Emporium.
  3956 | D:3      | Found Eskor's Antique Armour Emporium.
  3968 | D:3      | HP: 1/26 [poisoned by an adder]
  3971 | D:3      | Slain by an orc wizard

Illustrated notes

Levels and vault maps discovered:
D:1:      shiori_arrival_whats_in_store_for_you, layout_loops_corners
D:2:      layout_basic, minivault_19
D:3:      layout_rooms, serial_shops, shop, nicolae_shop_behind_doors,
          nicolae_shop_trees, nicolae_shop_crystal, uniq_sigmund

Skill      XL: |  1  2 |
---------------+-------+-----
Fighting       | 1 |  1.7
Dodging        | 3 |  3.4
Evocations     | 4 |  4.6
Armour         | |  0.7
Stealth        | |  1.2

Action                   |  1- 3 |  4- 6 || total
-------------------------+-------+-------++-------
Melee: Club              |    10 |       ||    10
       Short sword       |   132 |    19 ||   151
Evoke: Wand              |    12 |    10 ||    22
  Use: Potion            |     1 |       ||     1
 Stab: Sleeping          |     5 |       ||     5
       Confused          |     2 |       ||     2
       Paralysed         |       |     3 ||     3
Armor: Leather armour    |    48 |     3 ||    51
Dodge: Dodged            |    94 |    17 ||   111

Table legend: (Time is in decaauts)
 A = Elapsed time spent in this place.
 B = Non-inter-level travel time spent in this place.
 C = Inter-level travel time spent in this place.
 D = Time resting spent in this place.
 E = Time spent auto-exploring this place.
 F = Levels seen in this place.
 G = Mean time per level.
                   A        B        C        D        E       F      G
               +--------+--------+--------+--------+--------+-----+--------+
         Total |   3987 |   3957 |     30 |      0 |   3533 |   3 | 1329.0 |
       Dungeon |   3987 |   3957 |     30 |      0 |   3533 |   3 | 1329.0 |
               +--------+--------+--------+--------+--------+-----+--------+

Top non-repeatable levels by time:
     D:1: 1959 daAuts
     D:2: 1946 daAuts
     D:3: 81 daAuts
